 Dungeon Crawl Stone Soup version 0.29.1-12-g30fa7ad0bf (webtiles) character file.

Game seed: 7063117520854047402

368 cheesebisquit the Chopper (level 6, 0/84 HPs)
             Began as a Minotaur Berserker on Jan 16, 2023.
             Was a Believer of Trog.
             Succumbed to an orc wizard's poison
             ... on level 4 of the Dungeon.
             The game lasted 00:08:53 (2734 turns).

cheesebisquit the Chopper (Minotaur Berserker)      Turns: 2734, Time: 00:08:53

Health: 0/84       AC: 23    Str: 23    XL:     6   Next: 41%
Magic:  5/5        EV:  2    Int:  4    God:    Trog [**....]
Gold:   223        SH:  0    Dex: 10    Spells: 5/5 levels left

rFire   . . .      SeeInvis .   (no weapon)
rCold   . . .      Faith    .   (no shield)
rNeg    . . .      Spirit   .   (body armour currently unavailable)
rPois   +          Reflect  .   (helmet currently unavailable)
rElec   .          Harm     .   (cloak currently unavailable)
rCorr   .          Rampage  .   (gloves currently unavailable)
Will    ++...      NoTele   +   (boots currently unavailable)
Stlth   +.........              (no amulet)
HPRegen 1.24/turn               (no ring)
MPRegen 0.09/turn               (no ring)

@: brilliant, lethally poisoned (0 -> -13), tree-form, strong-willed, on berserk
cooldown, attractive, regenerating, slowed, very slow
A: stationary, stasis, torment immunity, boosted hp, (horns 2), (retaliatory
headbutt)
a: Renounce Religion, Berserk, Trog's Hand


You were on level 4 of the Dungeon.
You worshipped Trog.
Trog was pleased with you.
You were a tree.
You visited 1 branch of the dungeon, and saw 4 of its levels.

You collected 223 gold pieces.

Inventory:

Hand Weapons
 a - a +0 hand axe
 g - a +0 flail
Missiles
 e - 4 poisoned darts
 r - 5 curare-tipped darts (quivered)
Armour
 h - a +0 chain mail (melded)
 n - a +0 pair of boots (melded)
 o - a +0 cloak (melded)
Scrolls
 d - a scroll of amnesia {unknown}
 f - 6 scrolls of identify {unknown}
 i - a scroll of silence {unknown}
 j - a scroll of blinking {unknown}
 k - 3 scrolls of vulnerability {unknown}
 q - a scroll of teleportation {unknown}
Potions
 c - a potion of brilliance
 m - a potion of attraction


   Skills:
 + Level 5.3 Fighting
 * Level 6.6 Axes
 + Level 4.6 Armour
 - Level 2.4 Dodging


You had 5 spell levels left.
You didn't know any spells.
Your spell library was empty.

Dungeon Overview and Level Annotations

Branches:
Dungeon (4/15)
 Temple: D:4-7

Altars:
Dithmenos
Elyvilon
The Shining One

Shops:
D:1 [


Innate Abilities, Weirdness & Mutations

You are a tree.
Your roots penetrate the ground, keeping you stationary.
You cannot be teleported.
You are immune to unholy pain and torment.
Your maximum health is greatly increased.
Your equipment is partially melded.
((You have a pair of horns on your head.))
((You reflexively headbutt those who attack you in melee.))


Message History

The magic dart hits you. The worm bites you!
* * * LOW HITPOINT WARNING * * *
Something hits you.
* * * LOW HITPOINT WARNING * * *
You are lethally poisoned!
You feel better. Something hits you.
You are poisoned.
The worm bites you but does no damage.
It was a potion of brilliance.
You feel clever all of a sudden.
You feel sick. Something hits you.
* * * LOW HITPOINT WARNING * * *
You are more poisoned.
The worm bites you.
* * * LOW HITPOINT WARNING * * *
Something hits you but does no damage.
You are lethally poisoned!
It was a potion of attraction.
You feel attractive to monsters.
* * * LOW HITPOINT WARNING * * *
You feel extremely sick. Something hits you.
* * * LOW HITPOINT WARNING * * *
The worm bites you.
* * * LOW HITPOINT WARNING * * *
Okay, then.
Okay, then.
It was a potion of lignification.
You turn into a tree.
Your +0 cloak melds into your body.
Your +0 pair of boots melds into your body.
Your +0 chain mail melds into your body.
Your roots penetrate the ground.
* * * LOW HITPOINT WARNING * * *
You feel very sick. Something hits you but does no damage.
You are more poisoned.
The worm bites you but does no damage. Something hits you but does no damage.
You are more poisoned.
You are now empty-handed.
You die...

.. #. .. .
##. .. ..###
#.##... .#
#....)##...#.
#.{♣w!>....
#.#.##...#. #
#.# ## #.#
... #.# #.#
..#


You could see a worm.

Vanquished Creatures
  Blork the orc (D:4)
  A howler monkey (D:3)
  Crazy Yiuf (D:2)
  Jessica (D:2)
  Terence (D:2)
  2 adders (D:2)
  9 gnolls
  A dart slug (D:1)
  9 orcs
  2 endoplasms
  3 giant cockroaches
  9 goblins
  3 hobgoblins
  6 jackals
  8 kobolds
  2 ball pythons (D:3)
  4 bats
  2 frilled lizards
  3 rats
68 creatures vanquished.

Vanquished Creatures (others)
  An orc (D:4)
1 creature vanquished.

Grand Total: 69 creatures vanquished

Notes
Turn   | Place    | Note
-------+----------+-------------------------------------------
     0 | D:1      | cheesebisquit the Minotaur Berserker began the quest for
                  | the Orb.
     0 | D:1      | Reached XP level 1. HP: 19/19 MP: 0/0
    79 | D:1      | Found a faded altar of an unknown god.
   294 | D:1      | Reached XP level 2. HP: 27/27 MP: 1/1
   475 | D:1      | Reached skill level 4 in Axes
   524 | D:1      | Found Osuuh's Antique Armour Shoppe.
   765 | D:2      | Reached XP level 3. HP: 30/33 MP: 2/2
   839 | D:2      | Noticed Terence
   847 | D:2      | Killed Terence
   952 | D:2      | Noticed Jessica
   960 | D:2      | Killed Jessica
   961 | D:2      | Reached skill level 5 in Axes
   961 | D:2      | Reached XP level 4. HP: 41/41 MP: 3/3
  1126 | D:2      | Reached ** piety under Trog
  1349 | D:2      | Found a runed translucent door.
  1350 | D:2      | Noticed Crazy Yiuf
  1356 | D:2      | Killed Crazy Yiuf
  1357 | D:2      | Reached XP level 5. HP: 47/47 MP: 4/4
  1488 | D:3      | Found a shadowy altar of Dithmenos.
  1573 | D:3      | Reached skill level 5 in Fighting
  1573 | D:3      | Reached skill level 6 in Axes
  1912 | D:3      | Found a glowing golden altar of the Shining One.
  1930 | D:3      | Found a white marble altar of Elyvilon.
  2360 | D:4      | Noticed Blork the orc
  2368 | D:4      | Killed Blork the orc
  2369 | D:4      | Reached XP level 6. HP: 56/56 MP: 5/5
  2733 | D:4      | HP: 3/84 [poisoned by an orc wizard]
  2734 | D:4      | Succumbed to an orc wizard's poison

Illustrated notes

Levels and vault maps discovered:
D:1:      elethiomel_arrival_quiet, layout_loops_cross,
          hellmonk_ecumenical_altar_run_dry, serial_shops, shop
D:2:      layout_rooms, uniq_crazy_yiuf_cottage, uniq_jessica, uniq_terence
D:3:      layout_basic, mainiacjoe_overflow_tiny_flanked, elyvilon_altar_1,
          mainiacjoe_overflow_cross_hatched
D:4:      layout_loops_ring, mainiacjoe_overflow_alcove_1, uniq_blork_the_orc

Skill      XL: |  1  2  3  4  5 |
---------------+----------------+-----
Axes           | 4 5 6 |  6.6
Fighting       | 4 5 |  5.3
Armour         | 3 4 |  4.6
Dodging        | |  2.4

Action                   |  1- 3 |  4- 6 || total
-------------------------+-------+-------++-------
Melee: Hand axe          |    55 |    95 ||   150
       Headbutt          |     4 |    17 ||    21
       Punch             |       |     2 ||     2
Invok: Berserk           |     2 |     5 ||     7
       Trog's Hand       |       |     3 ||     3
  Use: Potion            |       |     7 ||     7
Armor: Ring mail         |    26 |       ||    26
       Chain mail        |     1 |    59 ||    60
       Leather armour    |       |    10 ||    10
       Skin              |       |     3 ||     3
Dodge: Dodged            |    38 |    48 ||    86
